 Dungeon Crawl Stone Soup version 0.27.1-1-g398f81649c (webtiles) character file.

Game seed: 11733109896489403272

802 acemry the Transmogrifier (level 7, -7/43 HPs)
             Began as an Octopode Transmuter on Sept 5, 2021.
             Mangled by a black bear (11 damage)
             ... on level 5 of the Dungeon.
             The game lasted 00:11:26 (5318 turns).

acemry the Transmogrifier (Octopode Transmuter)     Turns: 5318, Time: 00:11:27

Health: -7/43      AC:  2    Str: 10    XL:     7   Next: 91%
Magic:  9/10       EV: 19    Int: 17    God:
Gold:   286        SH:  5    Dex: 17    Spells: 2/10 levels left

rFire    . . .     SeeInvis .     - Unarmed
rCold    + . .     Faith    .   (shield currently unavailable)
rNeg     . . .     Spirit   .   (helmet currently unavailable)
rPois    x         Reflect  +   j - amulet of reflection
rElec    .         Harm     .   h - ring of flight
rCorr    .         Rampage  .   m - ring of protection from cold
Will     .....                  k - ring of wizardry
Stlth    ++........             (no ring)
HPRegen  0.14/turn              (no ring)
MPRegen  0.12/turn              (no ring)
                                (no ring)
                                (no ring)

@: spider-form (expiring), flying
A: venomous fangs, almost no armour, (amphibious), 8 rings, tiny, (camouflage
1), (gelatinous body 1), (nimble swimmer 1), (tentacles)
a: End Transformation


You were on level 5 of the Dungeon.
You were a venomous arachnid creature.
You visited 2 branches of the dungeon, and saw 6 of its levels.

You collected 286 gold pieces.

Inventory:

Missiles
 f - 3 curare-tipped darts
 g - 5 atropa-tipped darts
 l - a throwing net
Jewellery
 a - an amulet of regeneration
 h - a ring of flight (left front leg)
 j - an amulet of reflection (around neck)
 k - a ring of wizardry (on tentacle)
 m - a ring of protection from cold (right front leg)
Wands
 p - a wand of flame (14)
Scrolls
 c - a scroll of magic mapping
 i - 2 scrolls of teleportation
Potions
 b - a potion of lignification
 d - 2 potions of might
 e - a potion of degeneration {unknown}
 n - a potion of mutation {unknown}
 r - a potion of cancellation {unknown}


   Skills:
 - Level 1.0 Fighting
 - Level 2.0 Dodging
 - Level 0.4 Shields
 - Level 3.0 Unarmed Combat
 - Level 2.0 Spellcasting
 + Level 8.8 Transmutations


You had 2 spell levels left.
You knew the following spells:

 Your Spells              Type           Power      Damage    Failure   Level
a - Beastly Appendage     Tmut           62%        N/A       1%          1
b - Spider Form           Tmut/Pois      8%         N/A       10%         3
c - Ice Form              Ice/Tmut       16%        N/A       26%         4

Your spell library contained the following spells:

 Spells                   Type           Power      Damage    Failure   Level
 Wereblood                Tmut           31%        N/A       1%          2


Dungeon Overview and Level Annotations

Branches:
Dungeon (5/15)             Temple (1/1) D:5

Altars:
Cheibriados
Dithmenos
Elyvilon
Fedhas
Gozag
Hepliaklqana
Makhleb
Okawaru
Qazlal
Ru
Uskayaw
Vehumet
Wu Jian
Zin
The Shining One


Innate Abilities, Weirdness & Mutations

You are a venomous arachnid creature.
You have poisonous fangs.
You are tiny and dextrous.
Your spellcasting is less reliable in this form.
Your armour is entirely melded.
You are incapable of wielding weapons or throwing items.
You cannot wear most types of armour.
((You are amphibious.))
You can wear up to eight rings at the same time.
((Your skin changes colour to match your surroundings (Stealth+).))
((Your rubbery body absorbs attacks. (AC +1, EV +1)))
((You are camouflaged near water. (Stealth+)))
((You have tentacles for arms and can constrict up to eight enemies at once.))


Message History

This spell is quite dangerous to cast!
Memorise Ice Form, consuming 4 spell levels and leaving 2?
You start memorising the spell.
You continue memorising. x4
You finish memorising.
Spell assigned to 'c'.
A black bear comes into view.
The black bear growls angrily.
A black bear is nearby!
A black bear is nearby!
You turn into a venomous arachnid creature.
You hit the black bear.
The black bear is poisoned.
The black bear is moderately wounded.
The black bear misses you. The black bear claws you.
The black bear closely misses you.
You completely miss the black bear.
The black bear is moderately wounded.
The black bear bites you. The black bear closely misses you.
The black bear barely misses you.
You hit the black bear but do no damage.
The black bear looks as sick as possible!
The black bear is moderately wounded.
The black bear bites you. The black bear misses you. The black bear claws you.
You hit the black bear but do no damage.
The black bear looks as sick as possible!
The black bear is moderately wounded.
The black bear bites you! The black bear claws you. x2
You are too injured to fight recklessly!
The black bear goes berserk!
Your transformation is almost over.
The black bear rages.
You reach down and open the door.
The black bear closely misses you. The black bear barely misses you.
The black bear closely misses you. The black bear bites you!
* * * LOW HITPOINT WARNING * * *
The black bear misses you. You block the black bear's attack.
There is an open door here.
The black bear completely misses you. The black bear claws you.
* * * LOW HITPOINT WARNING * * *
You block the black bear's attack. The black bear bites you!
You die...

.......#.....#.##......#
....#....##..#.........#
....#.##.......##......#
.........#.##..........#
...#....##.......#
.................+
##..##.........#
####.....#####) #. ###
#..#...s.#
.##..##..'...h.+
....#####.....#
...#....###'##
#..#....#....#
##..#.........#
#...#........##
+..$.######### ##...#


You could see a black bear (berserk, very poisoned).

Vanquished Creatures
  Grinder (D:4)
  An ogre (D:3)
  A necrophage (D:4)
  2 scorpions (D:4)
  A bullfrog zombie (D:5)
  A hound (D:4)
  A jelly (D:4)
  An iguana (D:4)
  A hound zombie (D:3)
  3 hound skeletons
  7 adders
  An ufetubus (D:5)
  2 adder skeletons
  A worm (D:4)
  4 dart slugs
  An orc (D:3)
  8 endoplasms
  8 giant cockroaches
  9 hobgoblins
  3 quokkas
  8 ball pythons
  6 bats
  3 frilled lizards
  4 goblins (D:3)
  6 kobolds
  2 quokka zombies (D:3)
  6 rats
92 creatures vanquished.

Vanquished Creatures (others)
  4 plants (D:2)
4 creatures vanquished.

Grand Total: 96 creatures vanquished

Notes
Turn   | Place    | Note
-------+----------+-------------------------------------------
     0 | D:1      | acemry the Octopode Transmuter began the quest for the Orb.
     0 | D:1      | Reached XP level 1. HP: 13/13 MP: 3/3
   254 | D:1      | Reached XP level 2. HP: 15/18 MP: 3/5
   485 | D:1      | Reached skill level 3 in Transmutations
   512 | D:1      | Found a faded altar of an unknown god.
   650 | D:1      | Reached XP level 3. HP: 23/23 MP: 4/6
   997 | D:2      | Found a glowing silver altar of Zin.
  1187 | D:2      | Reached skill level 4 in Transmutations
  1229 | D:2      | Reached XP level 4. HP: 28/28 MP: 5/7
  1783 | D:3      | Reached skill level 5 in Transmutations
  1783 | D:3      | Reached XP level 5. HP: 33/33 MP: 6/8
  1823 | D:3      | Learned a level 3 spell: Spider Form
  2703 | D:4      | Noticed an ogre
  2811 | D:3      | Killed an ogre
  2812 | D:3      | Reached skill level 6 in Transmutations
  2812 | D:3      | Reached XP level 6. HP: 2/38 MP: 7/9
  3588 | D:4      | Found a radiant altar of Vehumet.
  3636 | D:4      | Noticed a necrophage
  3641 | D:4      | Killed a necrophage
  3642 | D:4      | Reached skill level 7 in Transmutations
  3721 | D:4      | Reached XP level 7. HP: 40/43 MP: 10/10
  3757 | D:4      | Noticed Grinder
  3774 | D:4      | Killed Grinder
  3775 | D:4      | Reached skill level 8 in Transmutations
  4990 | D:5      | Entered Level 5 of the Dungeon
  5182 | D:5      | Found a staircase to the Ecumenical Temple.
  5198 | Temple   | Entered the Ecumenical Temple
  5292 | D:5      | Learned a level 4 spell: Ice Form
  5318 | D:5      | Mangled by a black bear

Illustrated notes

Levels and vault maps discovered:
D:1:      saegor_arrival_under_anarchy, layout_basic,
          ebering_ecumenical_altar_hall, minivault_5
D:2:      wad_lake_hut, layout_rooms, basic_altar
D:3:      layout_rooms, serial_undead, serial_undead_f, serial_undead_c,
          serial_undead_d, serial_undead_e, minmay_misc_feat_roman
D:4:      layout_basic, vehumet_altar_wand_db, uniq_grinder
D:5:      layout_gridville, minmay_temple_entry_ruins
Temple:   cyrus_circular_temple

Skill      XL: |  1  2  3  4  5  6  7 |
---------------+----------------------+-----
Transmutations | 3 4 5 6 7 8 |  8.8
Fighting       | |  1.0
Dodging        | |  2.0
Shields        | |  0.4
Unarmed Combat | |  3.0
Spellcasting   | |  2.0

Action                   |  1- 3 |  4- 6 |  7- 9 || total
-------------------------+-------+-------+-------++-------
Melee: Unarmed           |    74 |   125 |    42 ||   241
       Kick              |    22 |    34 |     6 ||    62
       Constrict         |    19 |    33 |     2 ||    54
       Tentacles         |    15 |    15 |     4 ||    34
       Punch             |     1 |     2 |       ||     3
 Cast: Beastly Appendage |    29 |    43 |     4 ||    76
       Spider Form       |       |       |     7 ||     7
  Use: Scroll            |     5 |     2 |     4 ||    11
       Potion            |       |       |     2 ||     2
 Stab: Sleeping          |     4 |     5 |       ||     9
Armor: Skin              |     7 |     6 |       ||    13
Dodge: Dodged            |    41 |    57 |    30 ||   128
Block: Other             |       |    13 |    10 ||    23
       Reflection        |       |     1 |       ||     1
